 Dungeon Crawl Stone Soup version 0.30.0-5-g1a98f26d00 (webtiles) character file.

Game seed: 15890411976099276363

95727 Arex the Timeless (level 16, -5/154 HPs)
             Began as a Naga Fighter on May 9, 2023.
             Was a High Priest of Cheibriados.
             Hit by a javelin thrown by a merfolk javelineer (13 damage)
             ... on level 3 of the Shoals on May 10, 2023.
             The game lasted 00:47:28 (22745 turns).

Arex the Timeless (Naga Fighter)                   Turns: 22745, Time: 00:47:28

Health: -5/154     AC: 20    Str: 40    XL:     16   Next: 15%
Magic:  7/27       EV: 10    Int: 24    God:    Cheibriados [*****.]
Gold:   1145       SH: 14    Dex: 24    Spells: 15/15 levels left

rFire   + .          .
                       - Unarmed
rCold   + . .        T - +0 kite shield
rNeg    . . .        g - +0 plate armour of the Wary Ghosts {rElec rC+ Will+ Regen+}
rPois   +            C - +2 helmet {SInv}
rElec   +            (no cloak)
rCorr   .            I - +0 pair of gloves
SInv    +            (no barding)
Will    ++++.        G - amulet of regeneration Stlth
                     q - ring of protection from fire
HPRegen 2.05/turn    O - ring of willpower
MPRegen 0.20/turn

%: no passive effects
@: very slow
A: AC +5, large, see invisible, deformed body, poison resistance, slowness 2,
spit poison 1, naga tail 2
a: Spit Poison, Renounce Religion, Bend Time, Temporal Distortion, Slouch, Step
From Time


You were on level 3 of the Shoals.
You worshipped Cheibriados.
Cheibriados was extremely pleased with you.
You visited 6 branches of the dungeon, and saw 22 of its levels.
You also visited: Sewer.

You collected 2209 gold pieces.
You spent 1064 gold pieces at shops.

Inventory:

Missiles
 y - 3 throwing nets
Armour
 g - the +0 plate armour of the Wary Ghosts (worn) {rElec rC+ Will+ Regen+}
   (You found it on level 5 of the Dungeon)

   rC:        It protects you from cold.
   rElec:     It insulates you from electricity.
   Regen:     It increases your rate of health regeneration.
   Will:      It increases your willpower.
 C - a +2 helmet of see invisible (worn)
 I - a +0 pair of gloves (worn)
 T - a +0 kite shield (worn)
Jewellery
 b - an amulet of magic regeneration
 n - a ring of resist corrosion
 q - a ring of protection from fire (left hand)
 G - an amulet of regeneration (around neck)
 O - a ring of willpower (right hand)
 Q - a ring of fire
 S - a +6 ring of intelligence
Wands
 a - a wand of quicksilver (2)
 h - a wand of polymorph (6)
 k - a wand of digging (10)
 D - a wand of flame (22)
 N - a wand of charming (2)
Scrolls
 e - 4 scrolls of fear
 i - 3 scrolls of amnesia
 j - 10 scrolls of teleportation
 p - 2 scrolls of noise
 s - 6 scrolls of magic mapping
 t - 2 scrolls of poison
 v - 2 scrolls of enchant weapon
 x - 2 scrolls of fog
 A - 4 scrolls of enchant armour
 F - 3 scrolls of immolation
 J - 3 scrolls of silence
 K - a scroll of summoning
 L - 2 scrolls of vulnerability
 M - a scroll of blinking
 R - 5 scrolls of identify
Potions
 c - 6 potions of heal wounds
 d - 5 potions of brilliance
 f - a potion of ambrosia
 l - 10 potions of curing
 m - 2 potions of attraction
 o - 4 potions of mutation
 r - 3 potions of might
 u - 2 potions of resistance
 w - 4 potions of magic
 z - a potion of flight
 B - 2 potions of cancellation
 E - 3 potions of degeneration
 H - 2 potions of lignification
 P - a potion of haste


   Skills:
 + Level 12.8 Fighting
 + Level 10.9 Armour
 + Level 5.1 Dodging
 + Level 11.7 Shields
 + Level 12.6 Unarmed Combat
 + Level 14.7 Invocations


You had 15 spell levels left.
You didn't know any spells.
Your spell library contained the following spells:

 Spells                   Type           Power      Damage    Failure   Level
 Apportation              Tloc           0%         N/A       65%         1
 Necrotise                Necr           0%         1d4       65%         1
 Slow                     Hex            0%         N/A       65%         1
 Summon Small Mammal      Summ           0%         N/A       65%         1
 Cigotuvi's Dreadful Rot  Necr/Pois/Air  0%         N/A       78%         2
 Sublimation of Blood     Necr           0%         N/A       78%         2
 Confusing Touch          Hex            0%         N/A       95%         3
 Frozen Ramparts          Ice            0%         1d1       95%         3
 Ignite Poison            Fire/Tmut/Pois 0%         N/A       95%         3
 Ozocubu's Armour         Ice            0%         N/A       95%         3
 Stone Arrow              Conj/Erth      0%         3d7       95%         3
 Summon Guardian Golem    Hex/Summ       0%         N/A       95%         3
 Vampiric Draining        Necr           0%         2d6       95%         3
 Animate Armour           Summ/Erth      0%         N/A       100%        4
 Ice Form                 Ice/Tmut       0%         N/A       100%        4
 Petrify                  Tmut/Erth      0%         N/A       100%        4
 Summon Ice Beast         Ice/Summ       0%         N/A       100%        4
 Freezing Cloud           Conj/Ice/Air   0%         6-21      100%        5
 Irradiate                Conj/Tmut      0%         3d11      100%        5
 Summon Forest            Summ/Tloc      0%         N/A       100%        5
 Eringya's Noxious Bog    Tmut/Pois      0%         N/A       100%        6
 Orb of Destruction       Conj           0%         9d5       100%        7
 Ozocubu's Refrigeration  Ice            0%         4d7       100%        7
 Spellforged Servitor     Conj/Summ      0%         N/A       100%        7
 Summon Hydra             Summ           0%         N/A       100%        7
 Lehudib's Crystal Spear  Conj/Erth      0%         10d2      100%        8


Dungeon Overview and Level Annotations

Branches:
Dungeon (10/15) Zot: 35663  Temple (1/1) D:4 Zot: 8930    Lair (5/5) D:9 Zot: 30846
 Shoals (3/4) Lair:2 Zot: 21367  Spider (1/4) Lair:2 Zot: 8998   Slime (0/5) Lair:4
    Orc (2/2) D:10 Zot: 14396     Elf (0/3) Orc:2         Sewer (visited)

Altars:
Cheibriados
Dithmenos
Elyvilon
Fedhas
Hepliaklqana
Kikubaaqudgha
Makhleb
Nemelex Xobeh
Okawaru
Qazlal
Ru
Sif Muna
Trog
Uskayaw
Vehumet
Wu Jian
Xom
Yredelemnul
Zin
The Shining One

Shops:
D:8 *   D:10 *   Orc:2 (?(=*

Annotations:
D:5 1 runed translucent door, Crazy Yiuf
D:9 1 runed translucent door, Inkenn's ghost, journeyman DsFi
Temple 2 transporters
Lair:1 2 transporters, Imnulubo's ghost, novice TeFE
Lair:3 exclusion: oklob plant
Shoals:2 exclusion: oklob plant


Innate Abilities, Weirdness & Mutations

Your serpentine skin is tough. (AC +5)
You have supernaturally acute eyesight. (SInv)
Armour fits poorly on your strangely shaped body.
Your system is resistant to poisons. (rPois)
You cover ground very slowly.
You can spit poison.
You can use your snake-like lower body to constrict enemies.


Message History

The merfolk impaler hits you with a +0 trident!!
* * * LOW HITPOINT WARNING * * *
The merfolk javelineer throws a javelin.
The javelin barely misses you.
Items here: )) [ †.
Unknown command.
You miss the merfolk impaler. Your grab misses the merfolk impaler.
The merfolk impaler hits you but does no damage.
The merfolk javelineer throws a javelin.
The javelin pierces through you.
* * * LOW HITPOINT WARNING * * *
The merfolk javelineer throws a javelin.
The javelin pierces through you!
* * * LOW HITPOINT WARNING * * *
Unknown command.
Unknown command.
Unknown command.
Unknown command.
Unknown command.
Okay, then.
As you read the scroll of teleportation, it crumbles to dust.
You feel strangely unstable. You block the merfolk impaler's attack.
The merfolk impaler hits you with a +0 trident!
* * * LOW HITPOINT WARNING * * *
The merfolk javelineer throws a javelin.
The javelin pierces through you.
* * * LOW HITPOINT WARNING * * *
The merfolk javelineer throws a javelin.
The javelin pierces through you!
* * * LOW HITPOINT WARNING * * *
Okay, then.
You step out of the flow of time.
You return to the normal time flow.
You start resting.
Your surroundings suddenly seem different.
You step out of the flow of time.
You return to the normal time flow.
Cheibriados lowers the support of your attributes as your movement quickens.
The merfolk javelineer shouts!
The merfolk javelineer throws a javelin.
The javelin pierces through you!
You die...

.~~~~~~....~≈≈~~~~~≈≈~~~.~~~~≈≈≈≈
.~~~~~.....~~~~~~~~~~)~~.~~~~~~≈≈
~~~~~.####~.~~~~.~~~~~~~...~..~~~
~~~~.## #.......~~~~~........~~~
~~~~.## ##..~~~..~.~..)##.....~~
~~~~..### ##.~..#.......###......
~~~~)...# #...###.......#.......
~~.<.~~.## #...###..##.###....###
~...<~~~.# #....@..m##..##....# #
~..#.~~~.# ##.~~~......>......# #
~...~~~~.# #..~..~~...~~..##.###
..~~~~~~..# #.....~~..~~~.###.##.
..~~~~~~.## #....P..#P...........
##.~~~~~..# #.~~~~.P##..~~~.~≈~..
###.~~~~~.....~~~~P.P.P.~~~~~≈..#
...~~~~....~~~~~..P~~~~..~~...
..~~~~~ ~~≈≈~~~P~~~~~~~~....


You could see a merfolk javelineer.

Vanquished Creatures
  Mlioglotl (Shoals:1)
  Kirke (Shoals:1)
  Ilsuiw (Shoals:3)
  A stone giant (Shoals:2)
  The ghost of Hoolheyak the Cleaver, a journeyman NaFi (Lair:3)
  6 merfolk impalers
  Harold (D:9)
  3 merfolk avatars
  2 alligator snapping turtles
  Erolcha (D:9)
  A catoblepas (Lair:5)
  A merfolk aquamancer (Shoals:2)
  4 ogre magi (Orc:2)
  A boulder beetle (D:10)
  11 two-headed ogres (Orc:2)
  6 death yaks
  Nergalle (D:10)
  4 skysharks
  3 sea snakes
  A lindwurm (Lair:5)
  An orc knight (D:10)
  12 harpies
  5 fauns (Shoals:2)
  4 cyclopes
  7 manticores
  8 elephants
  10 merfolk sirens
  2 black mambas
  2 water nymphs (Shoals:1)
  14 cane toads
  3 rime drakes
  9 komodo dragons
  Psyche (D:9)
  A yaktaur (Shoals:1)
  7 polar bears
  3 trolls
  3 wind drakes
  A hornet (Lair:5)
  18 merfolk
  8 blink frogs
  10 snapping turtles
  2 dream sheep (Shoals:2)
  Grinder (D:3)
  A wraith (D:9)
  6 water elementals
  4 wyverns
  A shadow (D:6)
  73 yaks
  A hog (Shoals:2)
  3 basilisks
  7 steam dragons
  4 wargs
  2 acid dragons
  16 water moccasins
  14 orc warriors
  2 sky beasts
  2 ice beasts (D:8)
  25 ogres (Orc:2)
  A boggart (D:10)
  8 centaurs
  A phantom (D:4)
  8 bullfrogs
  9 scorpions
  11 wights
  7 killer bees
  4 howler monkeys
  4 jellies
  24 orc priests
  4 hounds
  2 sleepcaps
  8 iguanas
  16 orc wizards
  A gnoll (D:5)
  16 adders
  5 river rats (Sewer)
  4 worms
  2 dart slugs
  96 orcs
  4 bats
  8 endoplasms
  7 giant cockroaches
  15 hobgoblins
  3 quokkas
  12 ball pythons
  8 frilled lizards
  17 goblins
  16 kobolds
  26 rats
  2 tentacles (Shoals:1)
693 creatures vanquished.

Vanquished Creatures (collateral kills)
  A titan (Shoals:2)
  Snorg (Lair:5)
  A two-headed ogre (D:9)
  A merfolk siren (Shoals:3)
  2 yaks (Lair:5)
6 creatures vanquished.

Vanquished Creatures (others)
  2 humans (Shoals:2)
  An orc wizard (D:7)
  2 starspawn tentacles (Shoals:1)
  8 tentacles (Shoals:1)
13 creatures vanquished.

Grand Total: 712 creatures vanquished

Notes
Turn   | Place    | Note
-------+----------+-------------------------------------------
     0 | D:1      | Arex the Naga Fighter began the quest for the Orb.
     0 | D:1      | Reached XP level 1. HP: 21/21 MP: 1/1
   163 | D:1      | Found a faded altar of an unknown god.
   179 | D:1      | Reached XP level 2. HP: 19/28 MP: 2/2
   540 | D:1      | Reached XP level 3. HP: 31/34 MP: 3/3
  1140 | D:2      | Reached XP level 4. HP: 42/42 MP: 4/4
  1638 | D:2      | Found an iron altar of Okawaru.
  2251 | D:3      | Identified the +6 flail of Fabulous True Grit {heavy,
                  | +Blink Int+6}
  2256 | D:3      | Reached XP level 5. HP: 50/50 MP: 5/5
  2291 | D:3      | Identified the +1 robe of Fortification {Int+2}
  2553 | D:3      | Noticed Grinder
  2555 | D:3      | Paralysed by Grinder for 4 turns
  2564 | D:3      | Paralysed by Grinder for 3 turns
  2570 | D:3      | Killed Grinder
  2571 | D:3      | Reached XP level 6. HP: 12/57 MP: 6/6
  2842 | D:3      | Found a blossoming altar of Fedhas.
  3075 | D:4      | Found a bloodstained altar of Trog.
  3313 | D:4      | Reached XP level 7. HP: 49/66 MP: 7/7
  3727 | D:4      | Found a staircase to the Ecumenical Temple.
  3741 | Temple   | Entered the Ecumenical Temple
  3741 | Temple   | Found a transporter.
  3741 | Temple   | Found a transporter.
  3743 | Temple   | Found a transporter.
  3743 | Temple   | Found a transporter.
  3761 | Temple   | Became a worshipper of Cheibriados the Contemplative
  4145 | D:4      | Found a hide-covered altar of Uskayaw.
  4163 | D:4      | Reached skill level 1 in Invocations
  4242 | D:5      | Entered Level 5 of the Dungeon
  4253 | D:5      | Identified the +0 plate armour of the Wary Ghosts {rElec
                  | rC+ Will+ Regen+}
  4336 | D:5      | Found a glowing drain.
  4356 | Sewer    | Entered a sewer
  4435 | Sewer    | Reached * piety under Cheibriados
  4553 | Sewer    | Reached skill level 5 in Fighting
  4823 | Sewer    | Reached ** piety under Cheibriados
  4880 | Sewer    | Reached skill level 2 in Invocations
  4882 | Sewer    | Reached XP level 8. HP: 56/74 MP: 9/9
  5101 | D:5      | Reached *** piety under Cheibriados
  5350 | D:5      | Reached **** piety under Cheibriados
  5368 | D:5      | Reached skill level 3 in Invocations
  5500 | D:5      | Reached skill level 5 in Unarmed Combat
  5531 | D:5      | Found an iron altar of Okawaru.
  5547 | D:5      | Reached skill level 5 in Shields
  5913 | D:5      | Found a runed translucent door.
  5914 | D:5      | Noticed Crazy Yiuf
  6220 | D:6      | Noticed a shadow
  6244 | D:6      | Killed a shadow
  6245 | D:6      | Reached skill level 5 in Armour
  6245 | D:6      | Reached skill level 4 in Invocations
  6245 | D:6      | Reached XP level 9. HP: 66/82 MP: 10/12
  6301 | D:6      | Found a shimmering altar of Xom.
  6319 | D:6      | Found a shadowy altar of Dithmenos.
  6322 | D:6      | Found a shimmering blue altar of Sif Muna.
  6325 | D:6      | Found an ancient bone altar of Kikubaaqudgha.
  6658 | D:6      | Reached skill level 5 in Invocations
  6743 | D:6      | Reached ***** piety under Cheibriados
  7269 | D:7      | Reached skill level 6 in Invocations
  7593 | D:8      | Found Qydufen's Assorted Antiques.
  7766 | D:8      | Reached XP level 10. HP: 77/92 MP: 13/15
  7844 | D:8      | Reached skill level 7 in Invocations
  8536 | D:8      | Reached skill level 8 in Invocations
  8677 | D:9      | Found a staircase to the Lair.
  8948 | D:9      | You fall into a shaft and drop 1 floor!
  8948 | D:10     | Entered Level 10 of the Dungeon
  8971 | D:10     | Found Utuahar's Assorted Antiques.
  9011 | D:10     | Reached XP level 11. HP: 91/103 MP: 17/17
  9077 | D:9      | Noticed Erolcha
  9086 | D:9      | Killed Erolcha
  9087 | D:9      | Reached skill level 9 in Invocations
  9123 | D:9      | Noticed Psyche
  9140 | D:9      | Killed Psyche
  9177 | D:9      | Noticed Inkenn's ghost (journeyman DsFi)
  9190 | D:9      | Found a runed translucent door.
  9257 | D:9      | Noticed a two-headed ogre
  9262 | D:9      | Killed a two-headed ogre
  9297 | D:9      | Noticed Harold
  9316 | D:9      | Killed Harold
  9365 | D:9      | Identified the +11 falchion "Qouch" {freeze, Dex+3}
  9619 | Lair:1   | Entered Level 1 of the Lair of Beasts
  9644 | Lair:1   | Found a transporter.
  9647 | Lair:1   | Noticed a moth of wrath
  9653 | Lair:1   | Noticed a spriggan rider
  9653 | Lair:1   | Noticed a spriggan berserker
  9653 | Lair:1   | Noticed a spriggan rider
  9656 | Lair:1   | Noticed Imnulubo's ghost (novice TeFE)
  9659 | Lair:1   | Found a bloodstained altar of Trog.
  9668 | Lair:1   | Found a transporter.
  9881 | Lair:1   | Reached skill level 10 in Invocations
 10960 | Lair:2   | Reached XP level 12. HP: 81/112 MP: 16/20
 10960 | Lair:2   | Found a staircase to the Shoals.
 11001 | Lair:2   | Found a hole to the Spider Nest.
 11138 | Lair:2   | Reached skill level 11 in Invocations
 11507 | Lair:2   | Reached ****** piety under Cheibriados
 12071 | Spider:1 | Entered Level 1 of the Spider Nest
 12071 | Spider:1 | Noticed a broodmother
 12269 | Lair:3   | Found a large runed translucent door.
 12269 | Lair:3   | Found a large runed translucent door.
 12270 | Lair:3   | Noticed Hoolheyak's ghost (journeyman NaFi)
 13869 | Lair:4   | Found a staircase to the Slime Pits.
 14069 | Lair:4   | Gained mutation: You can use your snake-like lower body to
                  | constrict enemies. [Naga growth]
 14069 | Lair:4   | Reached XP level 13. HP: 114/123 MP: 21/21
 14180 | Lair:4   | Reached skill level 12 in Invocations
 14186 | Lair:4   | Reached skill level 10 in Fighting
 14194 | Lair:4   | Found a burning altar of Makhleb.
 14552 | Lair:5   | Entered Level 5 of the Lair of Beasts
 14844 | Lair:5   | Noticed Snorg
 14857 | Lair:5   | Killed Snorg
 14858 | Lair:5   | Reached skill level 10 in Unarmed Combat
 15328 | Lair:5   | Reached skill level 10 in Shields
 15356 | Lair:4   | Reached XP level 14. HP: 116/135 MP: 23/23
 15359 | Lair:4   | Reached skill level 13 in Invocations
 16233 | Lair:3   | Killed Hoolheyak's ghost
 16835 | D:10     | Found a sparkling altar of Nemelex Xobeh.
 17110 | D:10     | Found a staircase to the Orcish Mines.
 17463 | Orc:1    | Entered Level 1 of the Orcish Mines
 17463 | Orc:1    | Noticed Nergalle
 17475 | D:10     | Killed Nergalle
 17476 | D:10     | Reached skill level 1 in Dodging
 17597 | Orc:2    | Entered Level 2 of the Orcish Mines
 18159 | Orc:2    | Found a staircase to the Elven Halls.
 18172 | Orc:2    | Found Veirphew's Overcharged Wands.
 18543 | Orc:2    | Reached skill level 10 in Armour
 18953 | Orc:2    | Found Jakots's Antique Weapon Shop.
 18953 | Orc:2    | Found Xeanlirr's Magic Scroll Shoppe.
 18954 | Orc:2    | Found Archau Muac's Antique Weapon Shoppe.
 18954 | Orc:2    | Found Kemis's Jewellery Boutique.
 18964 | Orc:2    | Bought a scroll of teleportation for 33 gold pieces
 18964 | Orc:2    | Bought a scroll of fog for 44 gold pieces
 19098 | Orc:2    | Bought a wand of digging (11) for 693 gold pieces
 19158 | D:10     | Bought a scroll of teleportation for 84 gold pieces
 19158 | D:10     | Bought a scroll of enchant armour for 210 gold pieces
 19226 | Shoals:1 | Entered Level 1 of the Shoals
 19469 | Shoals:1 | Reached XP level 15. HP: 136/144 MP: 25/25
 19627 | Shoals:1 | Noticed a kraken
 19961 | Shoals:1 | Reached skill level 14 in Invocations
 20446 | Shoals:2 | Noticed Kirke
 20446 | Shoals:2 | Noticed Mlioglotl
 20450 | Shoals:2 | Noticed a tentacled starspawn
 20461 | Shoals:1 | Noticed a sphinx
 20461 | Shoals:1 | Killed Kirke
 20481 | Shoals:1 | Killed Mlioglotl
 21907 | Shoals:2 | Noticed a titan
 21913 | Shoals:2 | Killed a titan
 22440 | Shoals:3 | Reached XP level 16. HP: 128/154 MP: 26/26
 22500 | Shoals:3 | Noticed Ilsuiw
 22515 | Shoals:3 | Reached skill level 5 in Dodging
 22536 | Shoals:3 | Killed Ilsuiw
 22742 | Shoals:3 | HP: 2/154 [merfolk javelineer/javelin (11)]
 22745 | Shoals:3 | Hit by a javelin thrown by a merfolk javelineer

Illustrated notes

Levels and vault maps discovered:
D:1:      minmay_arrival_four_houses, layout_loops_ring,
          chequers_ecumenical_altar_grove, chequers_serial_rivers_micro_a,
          minmay_misc_feat_square
D:2:      layout_basic, basic_altar, minmay_misc_feat_four_crosses
D:3:      layout_loops_ring, mainiacjoe_overflow_surrounded_room,
          reono_crystal_passage, serial_bayou_pond_b, uniq_grinder
D:4:      layout_basic, mainiacjoe_overflow_catch_the_wave,
          minmay_temple_entry_slanted
D:5:      corexii_shantytown, layout_basic, mainiacjoe_overflow_small_starburst,
          cheibrodos_sewer_entry_bend, uniq_crazy_yiuf_cottage
D:6:      layout_loops_ring, grunt_temple_overflow_cloverleaf
D:7:      layout_rooms
D:8:      layout_basic, serial_shops, nicolae_shop_rolling_square
D:9:      layout_irregular_city, dpeg_oklobed_lair, hellmonk_ghost_big_iron,
          eino_tiny_chamber, uniq_erolcha, uniq_psyche, uniq_harold
D:10:     layout_loops_corners, nemelex_diamond_rough_becter, hiddenorc2_lemuel,
          serial_shops, shop, wad_mini_maze
Temple:   hellmonk_temple_divided_pantheon
Lair:1:   layout_chaotic_city, gammafunk_ghost_wrathful_warriors,
          dreamdust_deal_with_the_devil, grunt_megastairs_5
Lair:2:   layout_hall_layers, minmay_shoals_entry_centaurs,
          nicolae_spider_entry_non_spiders
Lair:3:   layout_regular_city, ebering_ghost_disaster_area, grunt_megastairs_4,
          serial_bayou_shore_a
Lair:4:   layout_concentric_octagons, nicolae_slime_entry_field_trip,
          basic_altar
Lair:5:   gammafunk_lair_ancient_temple, layout_cave_pods, wad_woods_road_03,
          uniq_snorg
Shoals:1: layout_shoals, yaktaur_hedge
Shoals:2: cheibrodos_shoals_gigantism, layout_shoals,
          portal_ice_cave_entry_pillars_2, nicolae_shoals_this_corrosion,
          uniq_kirke, uniq_mlioglotl
Shoals:3: layout_shoals, nicolae_shoals_mertower, uniq_ilsuiw
Spider:1: layout_spider_delve, nicolae_spider_webs_and_nodes
Orc:1:    layout_diamond_mine, uniq_nergalle
Orc:2:    st_orc_ogre_mass, layout_caves, nicolae_shop_overcharged_wands

Skill      XL: |  1  2  3  4  5  6  7  8  9 10 11 12 13 14 15 16 |
---------------+-------------------------------------------------+-----
Shields        | 3 4 5 6 7 8 10 11 | 11.7
Armour         | 3 4 5 6 7 8 9 10 | 10.9
Unarmed Combat | 3 4 5 6 7 8 9 10 11 12 | 12.6
Fighting       | 4 5 6 7 8 9 11 12 | 12.8
Invocations    | 2 4 6 8 10 11 12 13 14 | 14.7
Dodging        | 2 4 5 |  5.1

Action                     |  1- 3 |  4- 6 |  7- 9 | 10-12 | 13-15 | 16-18 || total
---------------------------+-------+-------+-------+-------+-------+-------++-------
  Melee: Unarmed           |   103 |   161 |   614 |   722 |   894 |    56 ||  2550
         Constrict         |       |       |       |       |   209 |    12 ||   221
 Invoke: Slouch            |       |       |     1 |     6 |    13 |       ||    20
         Temporal Distorti |       |       |       |     1 |     1 |       ||     2
         Step From Time    |       |       |       |       |     1 |     2 ||     3
Ability: Spit Poison       |    19 |    20 |    56 |    33 |    18 |       ||   146
  Evoke: Wand              |       |       |       |     7 |    17 |       ||    24
    Use: Scroll            |       |     8 |     6 |    10 |     9 |     4 ||    37
         Potion            |       |     1 |     4 |     2 |     3 |     1 ||    11
   Stab: Invisible         |       |       |       |     3 |       |       ||     3
         Distracted        |       |       |       |       |     2 |       ||     2
 Armour: Scale mail        |    11 |       |       |       |       |       ||    11
         Chain mail        |    43 |    86 |    23 |       |       |       ||   152
         Plate armour      |       |       |   315 |   406 |   454 |    43 ||  1218
         Skin              |       |       |       |       |       |    21 ||    21
  Dodge: Dodged            |    32 |    42 |   144 |   190 |   240 |    41 ||   689
  Block: Buckler           |    24 |    30 |   174 |   278 |   367 |       ||   873
         Kite shield       |       |       |       |       |   102 |   100 ||   202
